[Event "ECo-C Extraliga 2023-24"]
[Site "Slovakia"]
[Date "2024.02.25"]
[Round "8.6"]
[White "Brnusak, Tomas"]
[Black "Dobrotka, Martin"]
[Result "0-1"]
[ECO "B32"]
[WhiteElo "2229"]
[BlackElo "2166"]
[Annotator "TA"]
[PlyCount "86"]
[EventDate "2023.10.06"]
[EventType "team-tourn"]
[EventCountry "SVK"]
[SourceTitle "playchess.com"]
[Source "ChessBase"]
[SourceQuality "1"]
[TimeControl "40/5400+30:1800+30"]

1. e4 c5 2. Nf3 Nc6 3. d4 cxd4 4. Nxd4 e5 5. Nb5 a6 6. Nd6+ Bxd6 7. Qxd6 Qe7 8. Qd1 d6 9. Nc3 {[%emt 0:00:04] And now Nd5 would win.} Be6 10. Nd5 Qd8 {[%emt 0:00:17] White has an edge.} 11. c4 Bxd5 12. exd5 ({But not} 12. Qxd5 Nd4 13. Bd3 Qc7 $15) 12... Nce7 13. Be2 Nf6 14. O-O O-O 15. Kh1 Ng6 16. Be3 Re8 17. Rc1 b6 18. g3 a5 19. h4 Nf8 20. b3 N8d7 21. a3 Qb8 (21... h6 $14) 22. g4 $16 Nf8 23. h5 {[%emt 0:05:03] Against Ng6} h6 24. Rg1 N6h7 25. Bd3 {[%emt 0:03:12] Black is weak on the light squares} (25. g5 $16 Nxg5 26. Bxg5 hxg5 27. Rxg5) 25... Qd8 26. Bf5 Ng5 27. f4 $2 {[%emt 0:01:39] [#]} (27. Rc3 $14) 27... exf4 $1 $19 28. Bxf4 {[%emt 0:02:44] [#]} Nh3 $1 29. Rf1 {[%emt 0:03:34][%mdl 8192] Inhibits Nf2+.} (29. Qf3 $17 Nxg1 30. Rxg1) 29... Nxf4 30. Rxf4 Qh4+ 31. Kg2 Re3 32. Rf3 {[%emt 0:02:42] Repels Qg3+} Rae8 {[%emt 0:00:09] ( -> ...Re2+)} 33. Qf1 g6 34. hxg6 Nxg6 35. Rc3 {[%emt 0:06:01] [#]} Nf4+ $1 36. Rxf4 Qg3+ 37. Kh1 Rxc3 38. Rf2 Qh3+ (38... Rce3 $142 39. Be6 fxe6 40. Re2 Rf8 (40... Rxb3 $2 41. Qe1 $19) 41. Qxf8+ Kxf8 42. Rxe3 Qxe3 43. Kg2 exd5 (43... Qxb3 {is a self mate.} 44. dxe6 Qxa3 45. Kf2 Qd3 46. Kg2 a4 47. c5 dxc5 48. g5 hxg5 49. Kh2 a3 50. Kg2 a2 51. Kh2 a1=Q 52. e7+ Kxe7 53. Kg2 Qaf1+ 54. Kh2 Qdh3#) 44. c5 dxc5 45. b4 d4 (45... cxb4 {gets mated.} 46. axb4 axb4 47. g5 hxg5 48. Kh1 b3 49. Kg2 b2 50. Kh2 b1=Q 51. Kg2 Qbg1#) 46. bxc5 bxc5 47. a4 d3 48. g5 d2 (48... Qxg5+ 49. Kf3 d2 50. Ke2 Qf4 51. Kd1 Qd4 52. Ke2 d1=Q#) 49. g6 d1=Q (49... d1=B 50. g7+ Kxg7 51. Kf1 Qf3+ 52. Kg1 Bxa4 53. Kh2 Qf2+ 54. Kh3 Bd7#) 50. g7+ Kxg7 51. Kh2 Qdg1#) 39. Qxh3 {[%emt 0:00:04] Black is clearly winning.} Rxh3+ 40. Kg2 Rxb3 41. Bd7 Re7 42. Bb5 Kg7 43. a4 Re4 {[%emt 0:02:39] Weighted Error Value: White=0.63/Black=0.20 (precise) .  Loses game:     	White=2     	---        Mistake:       	White=1     	Black=1      Inaccurate:     	White=2     	Black=3      OK:         	White=4     	Black=6      Best:        	White=1     	Black=1      Strong:       	---       	Black=2} 0-1

[Event "ECo-C Extraliga 2023-24"]
[Site "Slovakia"]
[Date "2024.02.25"]
[Round "8.6"]
[White "Ihnat, Marek"]
[Black "Urhegyi, Marton"]
[Result "1/2-1/2"]
[ECO "C00"]
[WhiteElo "2111"]
[BlackElo "2255"]
[Annotator "TA"]
[PlyCount "43"]
[EventDate "2023.10.06"]
[EventType "team-tourn"]
[EventCountry "SVK"]
[SourceTitle "playchess.com"]
[Source "ChessBase"]
[SourceQuality "1"]
[TimeControl "40/5400+30:1800+30"]

1. e4 e6 2. d4 b6 3. Bd3 Bb7 4. Nf3 c5 5. c3 d6 6. Qe2 {[%emt 0:01:01] White is more active.} Nd7 7. Na3 Ngf6 8. Bf4 {[%emt 0:07:47] White is slightly better.} a6 9. h3 b5 10. O-O Be7 11. Rfe1 h6 12. Bh2 Nh7 13. Nb1 Ng5 14. Nbd2 Nxf3+ 15. Nxf3 c4 16. Bc2 Qc7 17. e5 O-O 18. Rad1 dxe5 19. Nxe5 Bd6 {[%emt 0:00:30] The position is equal.} 20. Ng4 Bxh2+ 21. Nxh2 Nf6 22. Ng4 {[%emt 0:00:30] Weighted Error Value: White=0.17 (very precise) /Black=0.10 (very precise) .  Inaccurate:     	White=5     	Black=2      OK:         	White=2     	Black=6} 1/2-1/2

[Event "ECo-C Extraliga 2023-24"]
[Site "Slovakia"]
[Date "2024.02.25"]
[Round "8.6"]
[White "Skreko, Igor"]
[Black "Csonka, Attila Istvan"]
[Result "1/2-1/2"]
[ECO "E37"]
[WhiteElo "2103"]
[BlackElo "2294"]
[Annotator "TA"]
[PlyCount "144"]
[EventDate "2023.10.06"]
[EventType "team-tourn"]
[EventCountry "SVK"]
[SourceTitle "playchess.com"]
[Source "ChessBase"]
[SourceQuality "1"]
[TimeControl "40/5400+30:1800+30"]

1. d4 Nf6 2. c4 e6 3. Nc3 Bb4 4. Qc2 d5 5. a3 Bxc3+ 6. Qxc3 Ne4 7. Qc2 c5 8. dxc5 Nc6 9. e3 Qa5+ 10. Bd2 Nxd2 11. Qxd2 {[%emt 0:00:05] Droht b4 und aus.} dxc4 12. Bxc4 {[%emt 0:01:19] Und b4 würde nun gewinnen.} Qxc5 13. Rc1 Qe7 14. Nf3 O-O 15. O-O Rd8 16. Qe2 e5 17. Bb5 Bd7 18. Rfd1 a6 19. Ba4 Rac8 20. h3 f6 21. Bb3+ Be6 22. Bxe6+ Qxe6 23. Nd2 e4 (23... f5 $5) 24. Qc4 Qxc4 25. Nxc4 Rc7 26. Nb6 (26. g4 $14) 26... Rxd1+ $11 27. Rxd1 {[%emt 0:00:02][%mdl 4096] Endspiel. KRN-KRN} Ne5 28. Rd4 Rc1+ 29. Kh2 Rc2 30. Rxe4 Rxf2 31. b4 Ra2 32. Nc4 Nxc4 33. Rxc4 Rxa3 $15 {[%emt 0:00:50] KR-KR} 34. Rc8+ Kf7 35. Rc7+ Kg6 36. Rxb7 Rxe3 37. Ra7 Rb3 38. Rxa6 Rxb4 39. Ra5 h5 40. Kg3 h4+ 41. Kf3 f5 42. Ra7 Kf6 43. Rc7 Rb3+ 44. Kf2 g6 45. Rh7 Rb4 46. Kf3 g5 47. Ra7 Rb3+ 48. Kf2 Rd3 49. Ra5 Ke6 50. Rb5 Rd5 51. Rb8 Rc5 52. Kf3 Rc3+ 53. Kf2 Rd3 54. Rb5 $1 Kf6 55. Ra5 $1 Kg6 56. Ra8 g4 (56... Kf7 $17) 57. hxg4 $11 fxg4 58. Rg8+ Kf5 59. Rf8+ Ke5 60. Re8+ Kf6 61. Rf8+ $1 Ke5 62. Re8+ Kd4 63. Rd8+ (63. Rg8 $11) 63... Kc3 $1 $17 64. Rh8 {[%emt 0:00:42] [#]} (64. Rb8 $11) 64... Rd2+ (64... Kd2 $1 $17) 65. Kf1 (65. Ke3 $11 Rxg2 66. Rxh4) 65... g3 (65... Kd4 $17) 66. Rc8+ $11 (66. Rxh4 {wird mattgesetzt.} Kd3 67. Ke1 Rb2 (67... Rxg2 68. Kf1 $11) (67... Rxg2 68. Kf1 $11)) 66... Kd3 67. Rd8+ Kc2 68. Rxd2+ (68. Rh8 $11) 68... Kxd2 $17 69. Kg1 Ke2 70. Kh1 {[%emt 0:00:04] [#]} h3 71. Kg1 $11 h2+ 72. Kh1 Kf2 {[%emt 0:00:04] Gewichteter Fehlerwert: Weiß=0.06 (makellos) /Schwarz=0.07 (makellos) .  Fehler:       	Weiß=5     	Schwarz=4     Ungenau:       	Weiß=5     	---        OK:         	Weiß=14    	Schwarz=25    Bester:       	Weiß=9     	Schwarz=5     Stark:        	Weiß=3     	Schwarz=1} 1/2-1/2

[Event "ECo-C Extraliga 2023-24"]
[Site "Slovakia"]
[Date "2024.02.25"]
[Round "8.7"]
[White "Meszaros, Michal"]
[Black "Spacek, Oliver"]
[Result "0-1"]
[ECO "B41"]
[WhiteElo "2354"]
[BlackElo "2188"]
[Annotator "TA"]
[PlyCount "61"]
[EventDate "2023.10.06"]
[EventType "team-tourn"]
[EventCountry "SVK"]
[SourceTitle "playchess.com"]
[Source "ChessBase"]
[SourceQuality "1"]
[TimeControl "40/5400+30:1800+30"]

1. e4 c5 2. Nf3 e6 3. d4 cxd4 4. Nxd4 a6 5. Be2 Nf6 6. Nc3 Bb4 7. Qd3 d5 ({Vorzuziehen ist} 7... d6 $11) 8. e5 $14 Ne4 9. O-O Nxc3 {[%emt 0:10:10] Weiß steht etwas besser.} 10. bxc3 Be7 11. Qg3 Rg8 12. Bd3 g6 13. f4 Nc6 14. Kh1 h5 15. Be3 Nxd4 16. cxd4 Bd7 17. a4 Rc8 18. Bd2 Bh4 19. Qh3 Be7 20. Rg1 Qb6 21. c3 Bc6 22. a5 Qc7 23. g4 (23. Rgb1 $14) 23... hxg4 $15 24. Qh7 Rf8 25. Rxg4 Rd8 (25... Bb5 $15 26. Qh3 Kd7) 26. f5 $11 gxf5 27. Rg7 {[%emt 0:00:54][%cal Od3f5] [#] Und Bxf5! würde nun gewinnen.} Bb5 28. Bc2 (28. Bxf5 $11 exf5 29. e6 (29. Qxf5 $2 {ist das falsche Schlagen.} Bd7 $19)) 28... Kd7 (28... Qc4 $19 29. Qh3 Kd7) 29. Rxf7 $17 Rxf7 30. Qxf7 Rf8 31. Qg7 {[%emt 0:00:00] Gewichteter Fehlerwert: Weiß=0.24 (präzise) /Schwarz=0.15 (sehr präzise) .  Verlustzug:     	Weiß=1     	---        Fehler:       	Weiß=1     	Schwarz=2     Ungenau:       	---       	Schwarz=2     OK:         	Weiß=8     	Schwarz=9     Bester:       	Weiß=3     	Schwarz=1} 0-1

[Event "ECo-C Extraliga 2023-24"]
[Site "Slovakia"]
[Date "2024.02.25"]
[Round "8.7"]
[White "Halak, Miklos"]
[Black "Sepesi, Samuel"]
[Result "0-1"]
[ECO "C01"]
[WhiteElo "2248"]
[BlackElo "2087"]
[Annotator "TA"]
[PlyCount "84"]
[EventDate "2023.10.06"]
[EventType "team-tourn"]
[EventCountry "SVK"]
[SourceTitle "playchess.com"]
[Source "ChessBase"]
[SourceQuality "1"]
[TimeControl "40/5400+30:1800+30"]

1. e4 e6 2. d4 d5 3. exd5 exd5 4. Nf3 Bd6 5. Nc3 c6 6. Bd3 Nf6 7. h3 h6 8. Be3 Be6 9. Qd2 {[%emt 0:07:41] Die Stellung ist ausgeglichen.} Qc7 10. Nh4 Nbd7 11. Nf5 Bxf5 12. Bxf5 O-O-O 13. O-O-O Kb8 14. Kb1 Nb6 15. b3 {[%emt 0:08:09] Pariert Nc4.} Rhe8 16. h4 Nc8 17. f3 Nh5 {[%emt 0:02:15] Schwarz will ...Ng3 spielen.} 18. Rhe1 (18. Bxc8 $11 Kxc8 19. g4) 18... Ng3 (18... Bg3 $17 19. Re2 Nf4 (19... Bxh4 20. g4 $11) 20. Bxf4 Bxf4) 19. Bxc8 $11 Kxc8 20. Ne2 {[%emt 0:00:46] [#]} (20. Bf2 $11) 20... Qe7 $1 $17 21. Nc1 Qxh4 {[%emt 0:01:26] Schwarz steht deutlich aktiver.} 22. Bf2 Qf6 (22... Qg5 $142 23. Be3 Qf6) 23. Nd3 a6 ({Günstiger ist} 23... Rxe1 $17 24. Rxe1 h5) 24. Ne5 $11 Nh5 25. g4 Nf4 26. Bg3 g5 27. Bxf4 gxf4 28. Qc3 {[%emt 0:01:30][%cal Oe5c6] Und jetzt Nxc6! wäre schön.} Re6 29. Rh1 (29. Nxc6 $2 bxc6 30. Qxc6+ Bc7 31. Qa8+ Bb8 (31... Kd7 $2 32. Qxd5+ Rd6 33. Qc4 $19) 32. Rxe6 Qxe6 $19 (32... fxe6 33. Qxa6+ Kd7 34. Qb5+ Ke7 35. a4 $17)) 29... Rde8 30. Rde1 Qe7 31. Nd3 {[%emt 0:00:40] Verhindert Bb4.} Re3 32. Ref1 Qe6 33. Qd2 Re2 34. Qc1 (34. Qc3 $15) 34... Qf6 $17 35. Rh5 $2 {[%emt 0:00:35] Verliert die Partie.} (35. Qb2 $17) 35... R8e3 $19 36. Rf5 $2 (36. Re5) 36... Qxd4 {[%emt 0:00:04] Und ...Rxd3 würde nun gewinnen.} 37. Rd1 Qc3 {[%emt 0:01:01][%cal Od6a3] ...Ba3! wäre nun fies.} ({Schwächer ist} 37... Rxf3 38. Nxf4 Qxf4 (38... Bxf4 39. Rxd4 Bxc1 40. Rxf3 $17) 39. Rxf4 Bxf4 (39... Rxf4 40. a4 $15) 40. Qa3 $17) 38. Nxf4 {[%emt 0:00:17] [#]} Ba3 $1 {[%emt 0:00:18][%mdl 512] Schwarz setzt Matt.} 39. Nxe2 Rxe2 40. Rd3 {[%emt 0:00:52] [#]} Qb2+ $1 41. Qxb2 Re1+ 42. Qc1 Rxc1# {Gewichteter Fehlerwert: Weiß=0.49/Schwarz=0.10 (sehr präzise) .  Verlustzug:     	Weiß=1     	---        Fehler:       	Weiß=4     	Schwarz=3     Ungenau:       	Weiß=3     	---        OK:         	Weiß=13    	Schwarz=14    Bester:       	---       	Schwarz=1     Stark:        	---       	Schwarz=1} 0-1

[Event "ECo-C Extraliga 2023-24"]
[Site "Slovakia"]
[Date "2024.02.25"]
[Round "8.7"]
[White "Petran, Peter"]
[Black "Bango, Lukas"]
[Result "0-1"]
[ECO "B07"]
[WhiteElo "2205"]
[BlackElo "2255"]
[Annotator "RC"]
[PlyCount "106"]
[EventDate "2023.10.06"]
[EventType "team-tourn"]
[EventCountry "SVK"]
[SourceTitle "playchess.com"]
[Source "ChessBase"]
[SourceQuality "1"]
[TimeControl "40/5400+30:1800+30"]

1. g3 Nf6 2. Bg2 g6 3. e4 d6 4. d4 Bg7 5. Nc3 O-O 6. Nge2 c6 7. a4 e5 8. h3 Nbd7 9. Be3 exd4 10. Bxd4 Re8 11. O-O Qc7 12. Qd2 b6 13. Rad1 Ba6 14. Rfe1 Rad8 15. g4 Bxe2 16. Rxe2 Nc5 17. g5 Nh5 18. Bxg7 Nxg7 19. f4 a6 20. b4 Nce6 21. Rf2 b5 22. axb5 axb5 23. f5 Nf8 24. h4 Re5 25. Bh3 d5 26. exd5 cxd5 27. Nxb5 Qb8 28. Nd4 Re4 29. Kg2 Nh5 30. Rf3 Rde8 31. Rdf1 gxf5 32. R1f2 Ng6 33. Nxf5 Ngf4+ 34. Kh1 Qe5 35. Bf1 Kf8 36. Nh6 Re7 37. b5 d4 38. Ng4 Qd6 39. Nf6 Re3 40. Nxh5 Nxh5 41. Bc4 Ng3+ 42. Kg2 Ne4 43. Rxe3 Nxd2 44. Rxe7 Kxe7 45. Rxd2 Qf4 46. Rf2 Qxh4 47. Rxf7+ Kd6 48. b6 Qxg5+ 49. Kf3 Qe3+ 50. Kg4 Qe4+ 51. Kg5 Qg2+ 52. Kf4 Kc5 53. b7 Qh2+ 0-1

[Event "ECo-C Extraliga 2023-24"]
[Site "Slovakia"]
[Date "2024.02.25"]
[Round "8.7"]
[White "Szegi, Tamas"]
[Black "Vojtek, Vladimir"]
[Result "1-0"]
[ECO "C21"]
[WhiteElo "2149"]
[BlackElo "2288"]
[Annotator "ChessBase"]
[PlyCount "79"]
[EventDate "2023.10.06"]
[EventType "team-tourn"]
[EventCountry "SVK"]
[SourceTitle "playchess.com"]
[Source "ChessBase"]
[SourceQuality "1"]
[TimeControl "40/5400+30:1800+30"]

1. e4 e5 2. d4 exd4 3. c3 d5 4. exd5 Nf6 5. Nf3 Qxd5 6. cxd4 Bb4+ 7. Nc3 O-O 8. Bd3 Re8+ 9. Be3 Bf5 10. O-O Bxc3 11. bxc3 Bxd3 12. Qxd3 Nbd7 13. c4 Qd6 14. Rfd1 Rad8 15. h3 h6 16. Rab1 Qa6 17. Qb3 b6 18. Qc2 Ne4 19. Bf4 Qb7 20. Rb3 Nf8 21. Re3 Ng6 22. Bh2 Nd6 23. Ne5 Nh4 24. d5 Nhf5 25. Rf3 f6 26. Nc6 Qc8 27. Bxd6 Nxd6 28. Nxd8 Rxd8 29. c5 Nf7 30. cxb6 axb6 31. Rc3 Rd7 32. Rc1 Rxd5 33. Rxc7 Qf5 34. Qxf5 Rxf5 35. Rb7 Nd6 36. Rxb6 Ne4 37. a4 Rxf2 38. Re1 Rf4 39. Rb4 f5 40. a5 1-0

[Event "ECo-C Extraliga 2023-24"]
[Site "Slovakia"]
[Date "2024.02.25"]
[Round "8.8"]
[White "Kaczmarek, Aleksander"]
[Black "Terbe, Zsuzsanna"]
[Result "0-1"]
[ECO "C55"]
[WhiteElo "2362"]
[BlackElo "2170"]
[Annotator "ChessBase"]
[PlyCount "66"]
[EventDate "2023.10.06"]
[EventType "team-tourn"]
[EventCountry "SVK"]
[SourceTitle "playchess.com"]
[Source "ChessBase"]
[SourceQuality "1"]
[TimeControl "40/5400+30:1800+30"]

1. e4 e5 2. Nf3 Nc6 3. Bc4 Nf6 4. Qe2 Bc5 5. d3 O-O 6. Bg5 Be7 7. Nbd2 h6 8. Bxf6 Bxf6 9. O-O-O g6 10. Kb1 Bg7 11. Rhg1 Rb8 12. g4 b5 13. Bd5 Ne7 14. g5 h5 15. Bb3 a5 16. a4 c6 17. c3 Qb6 18. Ba2 Ba6 19. axb5 Bxb5 20. Nc4 Qc7 21. Ka1 Rb7 22. Rd2 Rfb8 23. Nh4 d5 24. Na3 Ba4 25. Qf3 Bb3 26. Nf5 Nxf5 27. exf5 Qd6 28. Bb1 d4 29. c4 Qb4 30. Re2 Qa4 31. fxg6 fxg6 32. Qe4 Bd1 33. Rxd1 Rxb2 0-1

[Event "ECo-C Extraliga 2023-24"]
[Site "Slovakia"]
[Date "2024.02.25"]
[Round "8.8"]
[White "Stevik, Patrik"]
[Black "Compel, Daniel"]
[Result "1/2-1/2"]
[ECO "E04"]
[WhiteElo "2188"]
[BlackElo "2208"]
[Annotator "RC"]
[PlyCount "106"]
[EventDate "2023.10.06"]
[EventType "team-tourn"]
[EventCountry "SVK"]
[SourceTitle "playchess.com"]
[Source "ChessBase"]
[SourceQuality "1"]
[TimeControl "40/5400+30:1800+30"]

1. Nf3 Nf6 2. g3 d5 3. Bg2 c5 4. O-O Nc6 5. d4 e6 6. c4 dxc4 7. Qa4 Bd7 8. dxc5 Na5 9. Qa3 b6 10. b4 Nc6 11. Qc3 bxc5 12. bxc5 Bxc5 13. Qxc4 Qe7 14. Bg5 Rc8 15. Nbd2 Nb4 16. Qh4 Bc6 17. a3 Na6 18. e4 e5 19. Nc4 Bb5 20. Ncxe5 Bxf1 21. Bxf1 Nc7 22. Ng4 Bxf2+ 23. Nxf2 Ne6 24. Bb5+ Kf8 25. Bxf6 Qxf6 26. Qxf6 gxf6 27. Rd1 Kg7 28. Nh4 Rhd8 29. Nf5+ Kf8 30. Rxd8+ Rxd8 31. Ng4 Rd1+ 32. Kf2 Ra1 33. Nxf6 Rxa3 34. Nxh7+ Kg8 35. Nf6+ Kh8 36. h4 a5 37. Bc4 Nd8 38. g4 Rc3 39. Bd5 a4 40. g5 Ne6 41. Nd6 Nf4 42. Bxf7 a3 43. Nb5 Nh3+ 44. Ke2 a2 45. Bxa2 Rc2+ 46. Kf3 Rxa2 47. Nd6 Kg7 48. Kg4 Nf2+ 49. Kh5 Ra5 50. Nf5+ Kf7 51. Nd5 Nxe4 52. g6+ Ke6 53. g7 Kf7 1/2-1/2

[Event "ECo-C Extraliga 2023-24"]
[Site "Slovakia"]
[Date "2024.02.25"]
[Round "8.8"]
[White "Cajka, Tibor"]
[Black "Cibulka, Vladimir"]
[Result "1/2-1/2"]
[ECO "D02"]
[WhiteElo "2107"]
[BlackElo "2103"]
[Annotator "RC"]
[PlyCount "171"]
[EventDate "2023.10.06"]
[EventType "team-tourn"]
[EventCountry "SVK"]
[SourceTitle "playchess.com"]
[Source "ChessBase"]
[SourceQuality "1"]
[TimeControl "40/5400+30:1800+30"]

1. Nf3 d5 2. d4 Nf6 3. Bf4 Bf5 4. e3 e6 5. Bd3 Bxd3 6. Qxd3 Nbd7 7. h3 Be7 8. Nbd2 O-O 9. O-O c5 10. c3 Qb6 11. Rab1 Rac8 12. Bh2 Rfd8 13. Ne5 cxd4 14. exd4 Nxe5 15. Bxe5 Nd7 16. Bh2 Bd6 17. Bxd6 Qxd6 18. f4 f5 19. Qg3 Nf6 20. Qh4 Ne4 21. Nf3 Rf8 22. Ng5 h6 23. Nxe4 dxe4 24. Rbe1 Qd8 25. Qh5 Qe8 26. Qxe8 Rfxe8 27. Kf2 Kf7 28. Ke3 b5 29. Rc1 Rc7 30. Rf2 Kf6 31. b3 g5 32. c4 gxf4+ 33. Kxf4 Rd8 34. Rd2 Rxd4 35. Rxd4 e5+ 36. Ke3 exd4+ 37. Kxd4 Rd7+ 38. Ke3 bxc4 39. bxc4 Ke5 40. c5 f4+ 41. Ke2 Rc7 42. c6 Kd5 43. Rd1+ Kxc6 44. Rd4 Re7 45. a3 Kc5 46. Rd8 Rf7 47. Kf2 Rf6 48. Rd1 Ra6 49. Ra1 Kd4 50. Rd1+ Ke5 51. Ra1 Rb6 52. Rc1 Rb2+ 53. Kf1 Ra2 54. Rc3 Kd4 55. Rb3 Rd2 56. h4 Rd3 57. Rb1 Rxa3 58. Rd1+ Rd3 59. Ra1 f3 60. gxf3 Rxf3+ 61. Ke2 Rh3 62. Ra4+ Ke5 63. Rxa7 Rxh4 64. Re7+ Kf4 65. Rf7+ Ke5 66. Re7+ Kf6 67. Re8 Rg4 68. Ke3 Kg5 69. Rg8+ Kh4 70. Rh8 h5 71. Rh7 Kg5 72. Rh8 h4 73. Rg8+ Kf5 74. Rf8+ Ke5 75. Re8+ Kd5 76. Rd8+ Kc6 77. Rc8+ Kd7 78. Rh8 Ke7 79. Rh7+ Kf8 80. Ra7 Kg8 81. Ra5 Kh7 82. Re5 Kg6 83. Rxe4 Rg3+ 84. Kf2 Kg5 85. Ra4 Rb3 86. Kg2 1/2-1/2

[Event "ECo-C Extraliga 2023-24"]
[Site "Slovakia"]
[Date "2024.02.25"]
[Round "8.8"]
[White "Ropovik, Samuel"]
[Black "Gyerpal, Adrian"]
[Result "0-1"]
[ECO "C58"]
[WhiteElo "1816"]
[BlackElo "2213"]
[Annotator "ChessBase"]
[PlyCount "96"]
[EventDate "2023.10.06"]
[EventType "team-tourn"]
[EventCountry "SVK"]
[SourceTitle "playchess.com"]
[Source "ChessBase"]
[SourceQuality "1"]
[TimeControl "40/5400+30:1800+30"]

1. e4 e5 2. Nf3 Nc6 3. Bc4 Nf6 4. Ng5 d5 5. exd5 Na5 6. Bb5+ c6 7. dxc6 bxc6 8. Bd3 h6 9. Ne4 Nd5 10. O-O Be7 11. Nbc3 O-O 12. Re1 f5 13. Ng3 Bd6 14. Bf1 Qf6 15. d3 Rb8 16. a3 Be6 17. Be2 Nb7 18. Nf1 g5 19. Ne3 g4 20. Bd2 h5 21. Ncxd5 cxd5 22. c4 d4 23. Nf1 e4 24. b4 Rbe8 25. Qc1 f4 26. dxe4 f3 27. gxf3 gxf3 28. Bd3 Qg6+ 29. Ng3 Be5 30. Bh6 h4 31. Qg5 Qxg5 32. Bxg5 hxg3 33. hxg3 Bxg3 34. e5 Bf4 35. Bf6 Kf7 36. Be4 Rg8+ 37. Kh1 Rg2 38. Bxf3 Rh2+ 39. Kg1 Rg8+ 40. Kf1 Bxc4+ 41. Re2 Bxe2+ 42. Kxe2 Nd8 43. Bd5+ Ne6 44. Rd1 Bg5 45. Rg1 Rxf2+ 46. Kd3 Bxf6 47. Bxe6+ Kxe6 48. Rxg8 Kxe5 0-1